 Dungeon Crawl Stone Soup version 0.30.1-11-g7821555f0a (webtiles) character file.

Game seed: 16777326275150968847

174 fleeber the Magician (level 5, -2/40 HPs)
             Began as a Djinni Conjurer on Nov 18, 2023.
             Slain by a sleepcap (6 damage)
             ... on level 4 of the Dungeon.
             The game lasted 00:06:54 (3024 turns).

fleeber the Magician (Djinni Conjurer)              Turns: 3024, Time: 00:06:55

Health: -2/40      AC:  3    Str:  8    XL:     5   Next: 84%
Gold:   187        EV: 13    Int: 20    God:
                   SH:  0    Dex: 17

rFire   + + .        (no weapon)
rCold   x . .        (no shield)
rNeg    . . .        a - +0 robe
rPois   ∞            m - +0 helmet
rElec   .            (no cloak)
rCorr   .            (no gloves)
SInv    .            (boots unavailable)
Will    .....        (no amulet)
Stlth   ++           k - +6 ring of dexterity
HPRegen 0.26/turn    (no ring)
MPRegen 0.00/turn

%: infuse magic (-3 HP)
@: flying, very slightly contaminated
A: sickness immunity, fire resistance 2, cold vulnerability 1, float, innate
caster, HP casting, extra vitality 1
a: no special abilities


You were on level 4 of the Dungeon.
You visited 1 branch of the dungeon, and saw 4 of its levels.

You collected 187 gold pieces.

Inventory:

Armour
 a - a +0 robe (worn)
 m - a +0 helmet (worn)
Jewellery
 k - a +6 ring of dexterity (left hand)
Wands
 r - a wand of digging (6)
Scrolls
 b - 3 scrolls of teleportation {unknown}
 c - a scroll of fog {unknown}
 e - a scroll of amnesia {unknown}
 h - a scroll of immolation {unknown}
 i - 3 scrolls of identify {unknown}
 j - a scroll of noise {unknown}
 l - a scroll of blinking {unknown}
 n - a scroll of silence {unknown}
 o - a scroll of vulnerability {unknown}
 p - a scroll of enchant armour {unknown}
Potions
 d - a potion of magic {unknown}
 f - 2 potions of cancellation {unknown}
 g - 2 potions of heal wounds {unknown}
 q - a potion of curing {unknown}


   Skills:
 * Level 3.0 Fighting
 + Level 3.3 Dodging
 - Level 1.5 Stealth
 * Level 4.1 Spellcasting


You knew the following spells:

 Your Spells              Type           Power      Damage    Failure   Level
a - Magic Dart            Conj           80%        1d7       2%          1
b - Searing Ray           Conj           40%        2d5       3%          2
c - Dazzling Flash        Conj/Hex       40%        N/A       7%          3
d - Fulminant Prism       Conj/Hex       10%        3d9       22%         4
e - Iskenderun's Mystic   Conj/Tloc      20%        2d6       22%         4
f - Sandblast             Erth           40%        2d10      2%          1
g - Passwall              Tmut/Erth      16%        N/A       3%          2
Your spell library was empty.

Dungeon Overview and Level Annotations

Branches:
Dungeon (4/15)
 Temple: D:4-7

Altars:
Cheibriados
Xom

Annotations:
D:4 Natasha


Innate Abilities, Weirdness & Mutations

You are immune to sickness and miasma.
You are immune to poison.
Your flesh is very heat resistant. (rF++)
You are vulnerable to cold. (rC-)
You float through the air rather than walking.
You learn spells naturally, not from books.
Your magical power is your life essence.
You have superior vitality. (+4 MHP)


Message History

The magic dart hits the sleepcap.
The sleepcap is severely damaged.
The sleepcap releases spores at you.
Aiming: Magic Dart (safe; 2% risk of failure)
Press: ? - help, Shift-Dir - straight line, f/p - sleepcap
Aim: a sleepcap (severely damaged, 100% to hit)
The magic dart hits the sleepcap.
The sleepcap is severely damaged.
The sleepcap releases spores at you.
Aiming: Magic Dart (safe; 2% risk of failure)
Press: ? - help, Shift-Dir - straight line, f/p - sleepcap
Aim: a sleepcap (severely damaged, 100% to hit)
The magic dart hits the sleepcap but does no damage.
The sleepcap is severely damaged.
* * * LOW HITPOINT WARNING * * *
The sleepcap releases spores at you.
* * * LOW HITPOINT WARNING * * *
Aiming: Magic Dart (safe; 2% risk of failure)
Press: ? - help, Shift-Dir - straight line, f/p - sleepcap
Aim: a sleepcap (severely damaged, 100% to hit)
You miscast Magic Dart.
Nothing appears to happen.
* * * LOW HITPOINT WARNING * * *
The sleepcap releases spores at you.
* * * LOW HITPOINT WARNING * * *
Aiming: Magic Dart (safe; 2% risk of failure)
Press: ? - help, Shift-Dir - straight line, f/p - sleepcap
Aim: a sleepcap (severely damaged, 100% to hit)
The magic dart hits the sleepcap.
The sleepcap is severely damaged.
* * * LOW HITPOINT WARNING * * *
The sleepcap releases spores at you.
* * * LOW HITPOINT WARNING * * *
Aiming: Magic Dart (safe; 2% risk of failure)
Press: ? - help, Shift-Dir - straight line, f/p - sleepcap
Aim: a sleepcap (severely damaged, 100% to hit)
The magic dart hits the sleepcap but does no damage.
The sleepcap is severely damaged.
* * * LOW HITPOINT WARNING * * *
The sleepcap releases spores at you.
You die...

#
........###)#
...###.# .#
.......# #
.... ..# ..#
#####.#
###.....###
#....f....#
#....@....#
#.........#
#.........#
#.........#
#.........#
#.........#
#.........#
#.........#


You could see a sleepcap.

Vanquished Creatures
  An orc wizard (D:2)
  3 gnolls (D:2)
  3 adders
  4 dart slugs
  4 orcs
  6 ball pythons
  7 bats
  8 endoplasms
  4 giant cockroaches
  4 goblins
  8 hobgoblins
  8 kobolds
  7 quokkas
  3 frilled lizards
  6 rats
76 creatures vanquished.

Notes
Turn   | Place    | Note
-------+----------+-------------------------------------------
     0 | D:1      | fleeber the Djinni Conjurer began the quest for the Orb.
     0 | D:1      | fleeber set off with the following spells memorised: Magic
                  | Dart, Searing Ray, Dazzling Flash, Fulminant Prism,
                  | Iskenderun's Mystic Blast.
     0 | D:1      | Reached XP level 1. HP: 15/15 MP: 0/0
   109 | D:1      | Reached XP level 2. HP: 16/22 MP: 0/0
   146 | D:1      | Reached skill level 1 in Fighting
   372 | D:1      | Reached XP level 3. HP: 22/27 MP: 0/0
   372 | D:1      | Learned a level 1 spell: Sandblast
   988 | D:2      | Reached XP level 4. HP: 20/33 MP: 0/0
  1621 | D:2      | Reached XP level 5. HP: 38/39 MP: 0/0
  1621 | D:2      | Learned a level 2 spell: Passwall
  2134 | D:3      | Reached skill level 4 in Spellcasting
  2145 | D:3      | Found a snail-covered altar of Cheibriados.
  2297 | D:3      | Found a shimmering altar of Xom.
  2350 | D:3      | Found the +7 Throatcutter {drain, coup de grace}
  2963 | D:4      | Noticed an ogre
  2963 | D:4      | Noticed Natasha
  3024 | D:4      | Slain by a sleepcap

Illustrated notes

Levels and vault maps discovered:
D:1:      minmay_arrival_jagged, layout_basic, minmay_pentomino_q2
D:2:      layout_rooms, nicolae_kite_square_tiling_tiny,
          hangedman_abyss_or_decor_stabs, grunt_ministairs_1
D:3:      layout_basic, kennysheep_slug_shrine, nicolae_overflow_squiral
D:4:      layout_basic, mainiacjoe_overflow_alcove_1, overflow_temple_1_default,
          portal_sewer_entry_e, grunt_ministairs_7, uniq_natasha

Skill      XL: |  1  2  3  4  5 |
---------------+----------------+-----
Fighting       | 1 2 3 |  3.0
Dodging        | 3 |  3.3
Spellcasting   | 4 |  4.1
Stealth        | |  1.5

Action                     |  1- 3 |  4- 6 || total
---------------------------+-------+-------++-------
  Melee: Unarmed           |       |     2 ||     2
   Cast: Magic Dart        |    88 |   141 ||   229
 Armour: Robe              |     5 |     6 ||    11
  Dodge: Dodged            |    15 |    33 ||    48
